 Dungeon Crawl Stone Soup version 0.18-a0-1805-g8ab820f (webtiles) character file.

23 M4edhros the Grave Robber (level 2, -1/17 HPs)
             Began as an Octopode Necromancer on Apr 25, 2016.
             Slain by an adder (4 damage)
             ... on level 2 of the Dungeon.
             The game lasted 00:02:25 (436 turns).

M4edhros the Grave Robber (Octopode Necromancer)     Turns: 436, Time: 00:02:26

Health: -1/17      AC:  1    Str:  4 (7)  XL:     2   Next: 95%
Magic:  5/5        EV: 12    Int: 16 (19) God:
Gold:   58         SH:  0    Dex: 10 (12) Spells: 2 memorised, 3 levels left

rFire  . . .     SeeInvis .       - Unarmed
rCold  . . .     Gourm    .     (no shield)
rNeg   . . .     Faith    .     (helmet restricted)
rPois  .         Spirit   .     h - amulet of magic regeneration
rElec  .         Dismiss  .     c - +2 ring of intelligence (curse)
rCorr  .         Reflect  .     f - ring of loudness (curse)
SustAt .         Harm     .     (no ring)
MR     .....                    (no ring)
Stlth  ++........               (no ring)
                                (no ring)
                                (no ring)
                                (no ring)

@: not resistant to hostile enchantments, unstealthy
A: almost no armour, amphibious, 8 rings, constrict 8, camouflage 1, gelatinous
body 1
a: no special abilities


You were on level 2 of the Dungeon.
You were not hungry.

You visited 1 branch of the dungeon, and saw 3 of its levels.

You collected 58 gold pieces.

Inventory:

Jewellery
 c - a cursed +2 ring of intelligence (left tentacle)
 f - a cursed ring of loudness (right tentacle)
 h - an amulet of magic regeneration (around mantle)
Scrolls
 d - a scroll of enchant weapon {unknown}
 e - 3 scrolls of teleportation {unknown}
 g - a scroll of fog {unknown}
 i - 2 scrolls of magic mapping {unknown}
Potions
 m - a potion of berserk rage {unknown}
 n - a potion of haste {unknown}
Books
 a - a book of Necromancy

   Spells                             Type                      Level
   a - Pain                           Necromancy                   1
   b - Animate Skeleton               Necromancy                   1
   c - Vampiric Draining              Necromancy                   3
   d - Regeneration                   Charms/Necromancy            3
   e - Animate Dead                   Necromancy                   4
   f - Control Undead                 Necromancy                   4
Comestibles
 b - 2 bread rations
 k - 8 chunks of flesh
 l - a meat ration


   Skills:
 - Level 2.0 Dodging
 - Level 2.6 Stealth
 + Level 2.4 Unarmed Combat
 - Level 2.0 Spellcasting
 - Level 4.0 Necromancy


You had 3 spell levels left.
You knew the following spells:

 Your Spells              Type           Power        Failure   Level  Hunger
a - Pain                  Necr           ##..         4%          1    #......
b - Animate Skeleton      Necr           N/A          4%          1    #......


Dungeon Overview and Level Annotations

Branches:
Dungeon (3/15)

Altars:


Innate Abilities, Weirdness & Mutations

You cannot wear most types of armour.
You are amphibious.
You can wear up to eight rings at the same time.
You can use your tentacles to constrict eight enemies at once.
Your skin changes colour to match your surroundings (Stealth).
Your rubbery body absorbs attacks (AC +1).


Message History

You are very lightly contaminated with residual magic.
Pain shoots through your body.
You climb downwards.
There is a stone staircase leading up here.
Found a spear and 5 gold pieces.
You see here 17 stones.
Found 17 poisoned needles.
You now have 58 gold pieces (gained 5).
Your magical contamination has completely faded away.
Found a bubbling red potion.
n - a bubbling red potion An adder comes into view.
The adder barely misses you.
Found a dagger.
Drink which item? (? for menu, Esc to quit)
It was a potion of degeneration.
There was something very wrong with that liquid.
You feel weakened.
You feel dopey.
You feel clumsy. The adder barely misses you. The adder bites you.
You die...

# # # # #########
###############.......#
......................+
#.#############.@.....#
#.# #S........ #.#
........... ..#
#............ ..#
#..........## ..#
#.....###### ..#
#.....# ..# #)....#


You could see an adder.

Vanquished Creatures
  A worm (D:2)
  An orc (D:3)
  4 giant cockroaches
  A goblin (D:2)
  3 hobgoblins (D:3)
  2 bats
  A giant newt (D:3)
  A kobold (D:3)
  3 rats
17 creatures vanquished.

Vanquished Creatures (collateral kills)
  A hobgoblin (D:3)
1 creature vanquished.

Grand Total: 18 creatures vanquished

Notes
Turn   | Place    | Note
--------------------------------------------------------------
     0 | D:1      | M4edhros the Octopode Necromancer began the quest for the Orb.
     0 | D:1      | Reached XP level 1. HP: 11/11 MP: 3/3
   117 | D:1      | Reached skill level 1 in Unarmed Combat
   231 | D:3      | Reached XP level 2. HP: 7/17 MP: 3/5
   245 | D:3      | Learned a level 1 spell: Animate Skeleton
   436 | D:2      | Slain by an adder

Vault maps used:
D:1:      evilmike_arrival_come_back
D:2:      minmay_splitting_lines, item_on_display_b
D:3:      marbit_many_paths, uniq_terence

Skill      XL: |  1  2 |
---------------+-------+-----
Unarmed Combat | 1 2 |  2.4
Dodging        | |  2.0
Stealth        | |  2.6
Spellcasting   | |  2.0
Necromancy     | |  4.0

Action                   || total
-------------------------++-------
 Cast: Pain              ||    40
       Animate Skeleton  ||     3
  Use: Potion            ||     1
Armor: Skin              ||     1
Dodge: Dodged            ||     3
